 Dungeon Sprint DCSS version 0.17-a0-1748-g222fba8 (webtiles) character file.

879 KambridgeKobold the Black Belt (level 8, -1/124 HPs)
             Began as a Hill Orc Monk on Sept 1, 2015.
             Was a Believer of Jiyva.
             Slain by an ice devil (21 damage)
             ... summoned by a kobold demonologist
             ... in the Dungeon (Sprint I: "Red Sonja").
             The game lasted 00:03:14 (1176 turns).

KambridgeKobold the Black Belt (Hill Orc Monk)      Turns: 1176, Time: 00:03:15

Health: -1/124     AC:  9    Str: 19    XL:     8   Next: 4%
Magic:  8/8        EV: 12    Int: 10    God:    Jiyva [**....]
Gold:   25         SH:  0    Dex: 15    Spells: 0 memorised, 7 levels left

rFire  . . .     SeeInvis .       - Unarmed
rCold  . . .     Clarity  .     k - +4 ring mail {rPois}
rNeg   . . .     SustAt   .     (no shield)
rPois  +         Gourm    .     (no helmet)
rElec  .         Spirit   .     (no cloak)
rCorr  .         Warding  .     (no gloves)
rMut   .         NoTele   +     (no boots)
MR     .....                    (no amulet)
Stlth  ..........               (no ring)
                                (no ring)

@: berserking, very quick, not resistant to hostile enchantments, extremely
unstealthy
A: no striking features
a: Request Jelly, Jelly Paralyse, Renounce Religion


You were in the Dungeon.
You worshipped Jiyva.
Jiyva was pleased with you.
You were not hungry.

You visited 1 branch You collected 417 gold pieces.
You spent 392 gold pieces at shops.

Inventory:

Armour
 a - a +0 robe
 k - a +4 ring mail of poison resistance (worn)
Magical devices
 j - a wand of slowing (41)
Scrolls
 h - a scroll of blinking
 i - a scroll of identify {unknown}
Potions
 c - a potion of curing
 d - a potion of heal wounds
 e - a potion of haste
 f - 2 potions of magic
Comestibles
 b - a bread ration


   Skills:
 + Level 12.1 Fighting
 - Level 2.4 Dodging
 - Level 1.5 Stealth
 * Level 15.0 Unarmed Combat


You had 7 spell levels left.
You didn't know any spells.

Dungeon Overview and Level Annotations

Branches:
Dungeon (1/1)

Altars:
Cheibriados
Dithmenos
Elyvilon
Fedhas
Gozag
Kikubaaqudgha
Makhleb
Nemelex Xobeh
Okawaru
Qazlal
Ru
Sif Muna
Trog
Vehumet
Xom
Yredelemnul
Zin
The Shining One
Jiyva

Shops:
D [


Message History

Your Fighting skill increases to level 12!
Your Unarmed Combat skill increases to level 15!
You have reached level 8!
The soul eater disappears in a puff of smoke!
The ynoxinul disappears in a puff of smoke!
The shadow imp disappears in a puff of smoke!
You hit the kobold demonologist but do no damage.
The ufetubus barely misses you. The ufetubus hits you.
* * * LOW HITPOINT WARNING * * *
The ice devil barely misses you.
The kobold demonologist hits you with a dagger.
* * * LOW HITPOINT WARNING * * *
Drink which item? (? for menu, Esc to quit)
A red film seems to cover your vision as you go berserk!
You feel yourself moving faster!
You feel mighty!
The ufetubus hits you but does no damage. x2
The ice devil hits you!
* * * LOW HITPOINT WARNING * * *
The ice devil freezes you!!
You die...

####################
'..#..'..#__#..3@55#
#..'..#..'^.'..#K5§#
##'#####'#__####§§§+
#..#...#.####..#####
####..##.#≈§§§
.__##'#...≈§§
∩...'..._#§≈§.c
.._##_.#'##§###
___###+#.# [[.


You could see an ice devil, a kobold demonologist, an iron imp, a white imp and
an ufetubus.

Vanquished Creatures
  A kobold demonologist (D)
  A slime creature (D)
  Sigmund (D)
  A yak (D)
  An ogre (D)
  A jelly (D)
  Ijyb (D)
7 creatures vanquished.

Vanquished Creatures (others)
  A gargoyle (D)
  A jelly (D)
  A giant eyeball (D)
3 creatures vanquished.

Grand Total: 10 creatures vanquished

Notes
Turn   | Place    | Note
--------------------------------------------------------------
     0 | D        | KambridgeKobold the Hill Orc Monk began the quest for the Orb.
     0 | D        | Reached XP level 1. HP: 19/19 MP: 1/1
     1 | D        | Noticed Ijyb
    14 | D        | Killed Ijyb
    14 | D        | Reached skill level 5 in Fighting
    14 | D        | Reached skill level 6 in Unarmed Combat
    14 | D        | Reached XP level 2. HP: 16/29 MP: 2/2
    14 | D        | Reached XP level 3. HP: 19/36 MP: 3/3
   153 | D        | Noticed an ogre
   163 | D        | Killed an ogre
   163 | D        | Reached skill level 7 in Fighting
   163 | D        | Reached skill level 9 in Unarmed Combat
   163 | D        | Reached XP level 4. HP: 43/47 MP: 4/4
   190 | D        | Noticed Sigmund
   216 | D        | Killed Sigmund
   216 | D        | Reached skill level 11 in Unarmed Combat
   216 | D        | Reached XP level 5. HP: 10/57 MP: 5/5
   216 | D        | Reached XP level 6. HP: 11/63 MP: 6/6
   485 | D        | Found a deep blue altar of Sif Muna.
   486 | D        | Noticed a jelly
   487 | D        | Found a radiant altar of Vehumet.
   493 | D        | Killed a jelly
   493 | D        | Reached skill level 12 in Unarmed Combat
   501 | D        | Killed a gargoyle
   646 | D        | Found Seacw's Armour Emporium.
   646 | D        | Found a white marble altar of Elyvilon.
   646 | D        | Found a stormy altar of Qazlal.
   646 | D        | Found a basalt altar of Yredelemnul.
   646 | D        | Found an iron altar of Okawaru.
   646 | D        | Found a sparkling altar of Nemelex Xobeh.
   646 | D        | Found a shimmering altar of Xom.
   646 | D        | Found an ancient bone altar of Kikubaaqudgha.
   646 | D        | Noticed a yak
   647 | D        | Found a burning altar of Makhleb.
   647 | D        | Found a sacrificial altar of Ru.
   647 | D        | Found a glowing golden altar of the Shining One.
   647 | D        | Found an opulent altar of Gozag.
   647 | D        | Found a glowing silver altar of Zin.
   653 | D        | Killed a yak
   653 | D        | Reached skill level 10 in Fighting
   653 | D        | Reached skill level 13 in Unarmed Combat
   653 | D        | Reached XP level 7. HP: 51/73 MP: 7/7
   654 | D        | Found a bloodstained altar of Trog.
   752 | D        | Found a snail-covered altar of Cheibriados.
   752 | D        | Found a viscous altar of Jiyva.
   752 | D        | Found a shadowy altar of Dithmenos.
   752 | D        | Found a blossoming altar of Fedhas.
   752 | D        | Noticed a slime creature
   763 | D        | Killed a slime creature
   763 | D        | Reached skill level 14 in Unarmed Combat
  1062 | D        | Became a worshipper of Jiyva Jorghotw the Shapeless
  1062 | D        | Acquired Jiyva's first power
  1062 | D        | Acquired Jiyva's second power
  1130 | D        | Noticed a centaur warrior
  1137 | D        | Bought a +4 ring mail of poison resistance for 392 gold pieces
  1164 | D        | Noticed a kobold demonologist
  1165 | D        | Noticed a kobold demonologist
  1166 | D        | Noticed a soul eater
  1170 | D        | Noticed a ynoxinul
  1174 | D        | Noticed an ice devil
  1174 | D        | Killed a kobold demonologist
  1174 | D        | Reached skill level 15 in Unarmed Combat
  1174 | D        | Reached XP level 8. HP: 22/83 MP: 8/8
  1176 | D        | Slain by an ice devil

Vault maps used:
D:        dungeon_sprint_1

Action                   |  1- 3 |  4- 6 |  7- 9 || total
-------------------------+-------+-------+-------++-------
Melee: Unarmed           |    21 |    23 |    19 ||    63
Invok: Request Jelly     |       |       |     1 ||     1
  Use: Potion            |       |       |     1 ||     1
 Stab: Sleeping          |       |     1 |       ||     1
